 Dungeon Crawl Stone Soup version 0.30-a0-389-g8d7d949 (webtiles) character file.

Game seed: 14903308608623601397

35 BarneyGumball the Chopper (level 3, -3/30 HPs)
             Began as a Hill Orc Gladiator on Dec 3, 2022.
             Killed by nerve-wracking pain
             ... invoked by an orc priest
              (14 damage)
             ... on level 2 of the Dungeon.
             The game lasted 00:04:08 (730 turns).

BarneyGumball the Chopper (Hill Orc Gladiator)       Turns: 730, Time: 00:04:09

Health: -3/30      AC:  5    Str: 18    XL:     3   Next: 35%
Magic:  3/3        EV: 12    Int:  8    God:
Gold:   49         SH:  0    Dex: 12    Spells: 2/2 levels left

rFire   . . .      SeeInvis .    a - +0 war axe
rCold   . . .      Faith    .    (no shield)
rNeg    . . .      Spirit   .    b - +0 leather armour
rPois   .          Reflect  .    c - +0 helmet
rElec   .          Harm     .    (no cloak)
rCorr   .          Rampage  .    l - +0 pair of gloves
Will    .....                    (no boots)
Stlth   +.........               (no amulet)
HPRegen 0.25/turn                (no ring)
MPRegen 0.08/turn                (no ring)

@: no status effects
A: no striking features
a: Convert to Beogh


You were on level 2 of the Dungeon.
You visited 1 branch of the dungeon, and saw 2 of its levels.

You collected 49 gold pieces.

Inventory:

Hand Weapons
 a - a +0 war axe (weapon)
Missiles
 d - 3 throwing nets
 e - a javelin
 h - 5 silver javelins
 i - 5 poisoned darts (quivered)
Armour
 b - a +0 leather armour (worn)
 c - a +0 helmet (worn)
 l - a +0 pair of gloves (worn)
Scrolls
 k - a scroll of teleportation {unknown}
Potions
 f - a potion of haste {unknown}
 g - a potion of brilliance {unknown}
 j - a potion of flight {unknown}
 m - a potion of resistance {unknown}


   Skills:
 - Level 2.4 Fighting
 * Level 5.3 Axes
 - Level 1.7 Throwing
 + Level 1.5 Armour
 - Level 2.4 Dodging


You had 2 spell levels left.
You didn't know any spells.
Your spell library contained the following spells:

 Spells                   Type           Power      Damage    Failure   Level
 Gell's Gravitas          Tloc           0%         N/A       83%         3
 Teleport Other           Tloc           0%         N/A       83%         3
 Dispersal                Tloc           0%         N/A       100%        6


Dungeon Overview and Level Annotations

Branches:
Dungeon (2/15)

Altars:
Kikubaaqudgha


Message History

(press Y on the ability menu to convert to Beogh)
The orc priest shouts!
The orc priest calls down the wrath of Beogh upon you.
Beogh smites you!
You closely miss the goblin. The goblin hits you with a +0 dagger.
The goblin barely misses you. The orc attacks as you move away!
The orc closely misses you.
You closely miss the goblin. You slash the orc!
You kill the orc!
The goblin hits you but does no damage.
Okay, then.
Okay, then.
The goblin hits you but does no damage.
There is an ancient bone altar of Kikubaaqudgha, spattered with blood here.
You see here a +0 hand axe.
You hit the goblin.
The goblin is moderately wounded.
The orc priest threatens, "By the altar or by the axe, you will meet Beogh!"
You hit the orc. The goblin hits you with a +0 dagger.
You miss the goblin.
The goblin is moderately wounded.
You slash the orc!
You kill the orc!
The orc priest threatens, "By the altar or by the axe, you will meet Beogh!"
The goblin misses you.
A bat comes into view.
You hit the orc priest but do no damage.
You barely miss the goblin. The goblin hits you but does no damage.
The orc priest barely misses you. The goblin barely misses you.
The orc priest hits you with a +0 whip.
The orc priest shouts, "Surrender to Beogh and we'll let you live!"
The orc priest threatens, "By the altar or by the axe, you will meet Beogh!"
You slash the orc priest!
The orc priest is heavily wounded.
You hit the orc priest. You barely miss the goblin. The bat misses you.
The orc priest hits you but does no damage.
The goblin misses you.
The orc priest mumbles some strange prayers to Beogh against you.
Pain shoots through your body!
You die...

#.....+ .. .#...[#.#..
...o.###.##.#....#.#.#
#### ..o........ .........
...< .........# ....#.#<#
.##..##.##...#.# .##.#+#)#
........#....#.##.##......
......†.o..........<.....#
........og.....######..).#
.##..#..o@..#.)..........#
.........b...............#
.##..#......#............#
.........................
.##.....#.#.#.#......#####
#..!........#......#
##....#.#.#.#......#
#....#.#.#.#......# ....
#.#.#.#......#


You could see 2 orc priests, an orc, a goblin and a bat.

Vanquished Creatures
  2 orcs (D:2)
  3 endoplasms (D:1)
  2 giant cockroaches (D:1)
  2 goblins (D:1)
  3 hobgoblins (D:1)
  3 jackals (D:1)
  4 kobolds
  2 quokkas (D:1)
  3 ball pythons (D:1)
  2 bats (D:1)
  2 frilled lizards
28 creatures vanquished.

Notes
Turn   | Place    | Note
-------+----------+-------------------------------------------
     0 | D:1      | BarneyGumball the Hill Orc Gladiator began the quest for
                  | the Orb.
     0 | D:1      | Reached XP level 1. HP: 18/18 MP: 1/1
    55 | D:1      | Reached XP level 2. HP: 22/25 MP: 2/2
   138 | D:1      | Reached skill level 1 in Armour
   293 | D:1      | Reached skill level 5 in Axes
   320 | D:1      | Reached XP level 3. HP: 30/30 MP: 3/3
   466 | D:1      | Found a faded altar of an unknown god.
   708 | D:2      | Found an ancient bone altar of Kikubaaqudgha.
   730 | D:2      | Killed from afar by an orc priest

Illustrated notes

Levels and vault maps discovered:
D:1:      dpeg_arrival_tiny_d, layout_rooms, serial_rivers,
          chequers_serial_rivers_micro_a, chequers_serial_rivers_micro_c,
          chequers_serial_rivers_micro_c, chequers_serial_rivers_small_b,
          shapermc_ecumenical_altar_petra
D:2:      layout_basic, basic_altar, minmay_statues_item, uniq_terence

Skill      XL: |  1  2 |
---------------+-------+-----
Armour         | 1 |  1.5
Axes           | 5 |  5.3
Fighting       | |  2.4
Throwing       | |  1.7
Dodging        | |  2.4

Action                   || total
-------------------------++-------
Melee: War axe           ||    65
Armor: Leather armour    ||    26
Dodge: Dodged            ||    45

Table legend: (Time is in decaauts)
 A = Elapsed time spent in this place.
 B = Non-inter-level travel time spent in this place.
 C = Inter-level travel time spent in this place.
 D = Time resting spent in this place.
 E = Time spent auto-exploring this place.
 F = Levels seen in this place.
 G = Mean time per level.
                   A        B        C        D        E       F      G
               +--------+--------+--------+--------+--------+-----+--------+
         Total |    749 |    735 |     14 |      0 |    490 |   2 |  374.5 |
       Dungeon |    749 |    735 |     14 |      0 |    490 |   2 |  374.5 |
               +--------+--------+--------+--------+--------+-----+--------+

Top non-repeatable levels by time:
     D:1: 701 daAuts
     D:2: 47 daAuts
